 Dungeon Crawl Stone Soup version 0.28-a0-1524-ge72afd5fc6 (webtiles) character file.

Game seed: 4221375207536367006

2 psuckher the Sneak (level 1, 0/18 HPs)
             Began as a Barachi Delver on Jan 17, 2022.
             Killed by nerve-wracking pain
             ... invoked by an orc priest
              (5 damage)
             ... on level 5 of the Dungeon.
             The game lasted 00:00:07 (30 turns).

psuckher the Sneak (Barachi Delver)                   Turns: 30, Time: 00:00:08

Health: 0/18       AC:  3    Str: 13    XL:     1   Next: 30%
Magic:  1/1        EV: 12    Int: 10    God:
Gold:   0          SH:  0    Dex: 13    Spells: 0/0 levels left

rFire   . . .      SeeInvis .   a - +0 falchion
rCold   . . .      Faith    .   (no shield)
rNeg    . . .      Spirit   .   b - +0 leather armour
rPois   .          Reflect  .   (no helmet)
rElec   .          Harm     .   (no cloak)
rCorr   .          Rampage  .   (no gloves)
Will    .....                   (no boots)
Stlth   ++........              (no amulet)
HPRegen 0.06/turn               (no ring)
MPRegen 0.07/turn               (no ring)

@: slow
A: amphibious, slowness 1, strong legs 1, +LOS
a: Hop


You were on level 5 of the Dungeon.
You visited 1 branch of the dungeon, and saw 1 of its levels.

Inventory:

Hand Weapons
 a - a +0 falchion (weapon)
Armour
 b - a +0 leather armour (worn)
Wands
 g - a wand of digging (3)
Scrolls
 c - a scroll of fog
 d - a scroll of magic mapping
 e - a scroll of fear
Potions
 f - a potion of haste


   Skills:
 + Level 3.6 Fighting
 + Level 2.4 Long Blades
 + Level 2.1 Dodging
 + Level 4.6 Stealth


You couldn't memorise any spells.
You didn't know any spells.
Your spell library was empty.

Dungeon Overview and Level Annotations

Branches:
Dungeon (5/15)
 Temple: D:4-7

Altars:


Innate Abilities, Weirdness & Mutations

You are amphibious.
You cover ground slowly.
You can hop short distances.
You have an extended range of vision and can be seen from far away.


Message History

Welcome, psuckher the Barachi Delver.
Will you prevail where others failed? Will you find the Orb of Zot?
Press ? for a list of commands and other information.
Found a stone staircase leading down.
Unknown command.
Found a stone staircase leading up. 3 orcs come into view.
Found 22 gold pieces.
Found 20 stones.
An orc priest comes into view. It is wielding a +0 club.
Found 5 gold pieces.
The orc priest shouts!
The orc shouts!
The orc misses you. The orc hits you with a +0 club.
The orc shouts!
You hit the orc.
The orc is almost dead.
The orc priest barely misses you. The orc hits you with a +0 club.
The orc priest closely misses you.
You hit the orc.
You kill the orc!
The orc priest hits you with a +0 club.
You hit the orc but do no damage. The orc misses you.
The orc priest closely misses you. The orc barely misses you.
You closely miss the orc. The orc hits you with a +0 whip.
* * * LOW HITPOINT WARNING * * *
The orc priest hits you but does no damage.
The orc misses you.
You closely miss the orc. The orc barely misses you.
The orc completely misses you.
The orc priest invokes the aid of Beogh against you.
Pain shoots through your body!
You die...

..#..$ ....##. #..#..
### #..##..###
#.....##.. #..###....
...$.#..# #....####.
#......######....###..
#.....(#.............#
#......#.####....#####
##.#o#..# #....#
#..o@..## #....#
+..o#### #....# ##..
#....# #.. #....# ###
######


You could see an orc priest and 2 orcs.

Vanquished Creatures
  An orc (D:5)
1 creature vanquished.

Notes
Turn   | Place    | Note
-------+----------+-------------------------------------------
     0 | D:5      | psuckher the Barachi Delver began the quest for the Orb.
     0 | D:5      | Reached XP level 1. HP: 18/18 MP: 1/1
    25 | D:5      | Noticed an orc priest
    30 | D:5      | Killed from afar by an orc priest

Illustrated notes

Levels and vault maps discovered:
D:5:      layout_rooms, general_overflow_altar, nicolae_ru_path_of_blood,
          serial_bayou_pond_c, minivault_11, lightli_corner_chamber, uniq_edmund

Action                   || total
-------------------------++-------
Melee: Falchion          ||     5
Armor: Leather armour    ||     1
Dodge: Dodged            ||     9

Table legend: (Time is in decaauts)
 A = Elapsed time spent in this place.
 B = Non-inter-level travel time spent in this place.
 C = Inter-level travel time spent in this place.
 D = Time resting spent in this place.
 E = Time spent auto-exploring this place.
 F = Levels seen in this place.
 G = Mean time per level.
                   A        B        C        D        E       F      G
               +--------+--------+--------+--------+--------+-----+--------+
         Total |     36 |     36 |      0 |      0 |      0 |   1 |   36.0 |
       Dungeon |     36 |     36 |      0 |      0 |      0 |   1 |   36.0 |
               +--------+--------+--------+--------+--------+-----+--------+

Top non-repeatable levels by time:
     D:5: 36 daAuts
